 Dungeon Crawl Stone Soup version 0.29-a0-330-g52719c12eb (webtiles) character file.

Game seed: 12209060160224846623

292 kae the Firebug (level 6, -4/39 HPs)
             Began as an Octopode Fire Elementalist on Apr 18, 2022.
             Slain by Edmund
             ... wielding a +1 dire flail of holy wrath
              (11 damage)
             ... on level 4 of the Dungeon.
             The game lasted 00:03:12 (6161 turns).

kae the Firebug (Octopode Fire Elementalist)        Turns: 6161, Time: 00:03:13

Health: -4/39      AC:  1    Str:  7    XL:     6   Next: 33%
Magic:  10/10      EV: 13    Int: 20    God:
Gold:   162        SH:  0    Dex: 12    Spells: 4/10 levels left

rFire   . . .      SeeInvis .   (no weapon)
rCold   . . .      Faith    .   (no shield)
rNeg    . . .      Spirit   .   (helmet restricted)
rPois   .          Reflect  .   (no amulet)
rElec   .          Harm     .   m - ring of resist corrosion
rCorr   +          Rampage  .   (no ring)
Will    .....                   (no ring)
Stlth   +++.......              (no ring)
HPRegen 0.13/turn               (no ring)
MPRegen 0.12/turn               (no ring)
                                (no ring)
                                (no ring)

@: mighty
A: almost no armour, amphibious, 8 rings, camouflage 1, gelatinous body 1,
(nimble swimmer 1), tentacles
a: no special abilities


You were on level 4 of the Dungeon.
You visited 1 branch of the dungeon, and saw 5 of its levels.

You collected 162 gold pieces.

Inventory:

Jewellery
 m - a ring of resist corrosion (left tentacle)
Wands
 f - a wand of paralysis (6)
 h - a wand of acid (17)
Scrolls
 g - a scroll of immolation
 j - 2 scrolls of enchant armour
Potions
 a - a potion of magic
 c - 2 potions of heal wounds
 d - a potion of ambrosia
 e - 4 potions of curing {unknown}
 k - 2 potions of haste {unknown}
 l - a potion of experience {unknown}
 n - a potion of degeneration {unknown}
 o - 2 potions of brilliance {unknown}
 p - a potion of mutation {unknown}


   Skills:
 + Level 1.9 Fighting
 + Level 2.9 Dodging
 + Level 4.1 Stealth
 + Level 2.9 Spellcasting
 + Level 2.3 Conjurations
 * Level 4.5 Fire Magic


You had 4 spell levels left.
You knew the following spells:

 Your Spells              Type           Power      Damage    Failure   Level
a - Foxfire               Conj/Fire      64%        2x1d7     3%          1
b - Scorch                Fire           42%        2d7       3%          2
c - Conjure Flame         Conj/Fire      16%        6-21      11%         3

Your spell library contained the following spells:

 Spells                   Type           Power      Damage    Failure   Level
 Inner Flame              Hex/Fire       11%        N/A       17%         3
 Blink                    Tloc           4%         N/A       22%         2
 Dazzling Flash           Conj/Hex       14%        N/A       26%         3
 Flame Wave               Conj/Fire      16%        2d6       34%         4
 Iskenderun's Mystic Bla  Conj/Tloc      7%         2d4       65%         4
 Manifold Assault         Tloc           2%         N/A       99%         5
 Starburst                Conj/Fire      8%         6d4       99%         6
 Storm Form               Tmut/Air       1%         N/A       100%        7


Dungeon Overview and Level Annotations

Branches:
Dungeon (5/15)
 Temple: D:4-7

Altars:
Gozag
The Shining One

Shops:
D:4 :

Annotations:
D:3 Pargi, Sigmund, Terence
D:4 3 runed translucent doors, Edmund; p0werm0de's ghost, amateur VSCK


Innate Abilities, Weirdness & Mutations

You cannot wear most types of armour.
You are amphibious.
You can wear up to eight rings at the same time.
Your skin changes colour to match your surroundings (Stealth+).
Your rubbery body absorbs attacks. (AC +1, EV +1)
((You are camouflaged when in or above water. (Stealth+)))
You have tentacles for arms and can constrict up to eight enemies at once.


Message History

an adder corpse; an adder corpse
k - 2 orange potions (gained 1)
You see here a +0 whip.
You now have 162 gold pieces (gained 12).
Found 20 stones.
Found a stone staircase leading down.
f - a wand of paralysis (6)
Found a mace.
i - a scroll labelled CIUTEU POAMMIE
m - a ring of resist corrosion You open the door.
Found a stone staircase leading up.
There is an open door here.
You open the door.
There is an open door here.
As you open the door, it creaks loudly!
You hear a shout!
m - a ring of resist corrosion (left tentacle)
There is an open door here.
Edmund the Younger comes into view.
He is wielding a +1 dire flail of holy wrath.
Edmund is nearby!
Edmund is nearby!
There is an open door here.
Edmund attacks as you move away! Edmund closely misses you.
There is an open door here.
Edmund attacks as you move away! Edmund misses you.
There is a stone staircase leading up here.
Edmund hits you with a +1 dire flail of holy wrath!
You climb upwards.
Level annotation: 3 runed translucent doors, p0werm0de's ghost, amateur VSCK
There is a stone staircase leading down here.
As you read the scroll labelled CIUTEU POAMMIE, it crumbles to dust.
It is a scroll of identify.
d - a potion of ambrosia Edmund hits you with a +1 dire flail of holy wrath!
You feel very mighty all of a sudden.
Edmund hits you with a +1 dire flail of holy wrath!
* * * LOW HITPOINT WARNING * * *
You barely miss Edmund. Your grab misses Edmund. You squeeze Edmund!
Edmund is moderately wounded.
Edmund hits you with a +1 dire flail of holy wrath!
You die...

##### #...# #.#.#
###########.#.####
................@#
.....######.#.##@#
.....# #.#.##.#
.....# #.#.##.#
...).# #.#.##.#
.....# #......#
.....# ###.####
.[...# #.# ######
#.#


You could see Edmund.

Vanquished Creatures
  A scorpion (D:4)
  An iguana (D:4)
  Jessica (D:3)
  Robin (D:4)
  8 adders
  2 dart slugs
  3 orcs
  5 endoplasms
  5 giant cockroaches
  13 goblins
  10 hobgoblins
  11 jackals
  3 quokkas
  3 ball pythons
  4 bats
  2 frilled lizards
  6 kobolds
  5 rats
84 creatures vanquished.

Vanquished Creatures (others)
  227 foxfires
227 creatures vanquished.

Grand Total: 311 creatures vanquished

Notes
Turn   | Place    | Note
-------+----------+-------------------------------------------
     0 | D:1      | kae the Octopode Fire Elementalist began the quest for the
                  | Orb.
     0 | D:1      | Reached XP level 1. HP: 11/11 MP: 3/3
   195 | D:1      | Reached XP level 2. HP: 10/17 MP: 1/5
   403 | D:1      | HP: 1/27 [frozen (2)]
   720 | D:1      | Learned a level 2 spell: Scorch
  1182 | D:1      | Reached XP level 3. HP: 22/22 MP: 3/6
  1186 | D:1      | Learned a level 3 spell: Conjure Flame
  2751 | D:2      | Reached skill level 1 in Fighting
  2751 | D:2      | Reached XP level 4. HP: 28/28 MP: 3/7
  3330 | D:3      | Noticed Terence
  3572 | D:3      | Noticed Jessica
  3582 | D:3      | Killed Jessica
  3791 | D:3      | Reached XP level 5. HP: 33/33 MP: 5/8
  4003 | D:3      | Noticed Pargi
  4263 | D:3      | Noticed Sigmund
  4419 | D:3      | Found a glowing golden altar of the Shining One.
  4916 | D:4      | Found Aruzxeofa's Book Boutique.
  5137 | D:4      | HP: 1/33 [poisoned by a scorpion]
  5452 | D:4      | Noticed Robin
  5595 | D:4      | Reached XP level 6. HP: 39/39 MP: 4/10
  5836 | D:4      | Killed Robin
  5947 | D:4      | Found a runed translucent gate.
  5948 | D:4      | Found a runed translucent gate.
  5948 | D:4      | Found an opulent altar of Gozag.
  5949 | D:4      | Found a runed translucent gate.
  5950 | D:4      | Noticed p0werm0de's ghost (amateur VSCK)
  5950 | D:4      | Noticed a steam dragon
  6013 | D:5      | Entered Level 5 of the Dungeon
  6151 | D:5      | Noticed Edmund
  6161 | D:4      | Slain by Edmund

Illustrated notes

Levels and vault maps discovered:
D:1:      wheals_arrival_linesprint, layout_basic, nrook_mini_vaults
D:2:      wander_river, layout_rooms, grunt_ministairs_4
D:3:      layout_loops_corners, old_standard_altar, uniq_pargi, uniq_terence,
          uniq_sigmund, uniq_jessica
D:4:      layout_basic, serial_shops, shop, ebering_ghost_gozag, uniq_robin
D:5:      layout_gridville, uniq_menkaure, uniq_blork_the_orc, uniq_edmund,
          uniq_ijyb

Skill      XL: |  1  2  3  4  5 |
---------------+----------------+-----
Stealth        | 3 4 |  4.1
Fighting       | 1 |  1.9
Conjurations   | 2 |  2.3
Fire Magic     | 4 |  4.5
Dodging        | |  2.9
Spellcasting   | |  2.9

Action                   |  1- 3 |  4- 6 || total
-------------------------+-------+-------++-------
Melee: Unarmed           |    68 |    29 ||    97
       Tentacles         |    15 |     9 ||    24
       Constrict         |    17 |     8 ||    25
       Punch             |     1 |       ||     1
 Cast: Foxfire           |    63 |    85 ||   148
       Scorch            |       |     5 ||     5
  Use: Potion            |     1 |     4 ||     5
       Scroll            |     1 |     5 ||     6
Armor: Skin              |     7 |     3 ||    10
Dodge: Dodged            |    57 |    44 ||   101

Table legend: (Time is in decaauts)
 A = Elapsed time spent in this place.
 B = Non-inter-level travel time spent in this place.
 C = Inter-level travel time spent in this place.
 D = Time resting spent in this place.
 E = Time spent auto-exploring this place.
 F = Levels seen in this place.
 G = Mean time per level.
                   A        B        C        D        E       F      G
               +--------+--------+--------+--------+--------+-----+--------+
         Total |   6162 |   5983 |    179 |    146 |   5112 |   5 | 1232.4 |
       Dungeon |   6162 |   5983 |    179 |    146 |   5112 |   5 | 1232.4 |
               +--------+--------+--------+--------+--------+-----+--------+

Top non-repeatable levels by time:
     D:1: 2187 daAuts
     D:3: 1403 daAuts
     D:4: 1256 daAuts
     D:2: 1170 daAuts
     D:5: 144 daAuts
